 Dungeon Crawl Stone Soup version 0.30-a0-634-g8abc852 (webtiles) character file.

Game seed: 931192894544145657

571 Geeful the Sneak (level 7, -6/35 (40) HPs)
             Began as a Kobold Enchanter on Jan 14, 2023.
             Was an Initiate of Okawaru.
             Killed by divine providence
             ... invoked by an orc priest
              (14 damage)
             ... on level 5 of the Dungeon.
             The game lasted 00:14:22 (3699 turns).

Geeful the Sneak (Kobold Enchanter)                 Turns: 3699, Time: 00:14:23

HP:   -6/35 (40)    AC:  6    Str:  8    XL:     7   Next: 60%
MP:   12/12         EV: 16    Int: 16    God:    Okawaru [......]
Gold: 122           SH:  0    Dex: 21    Spells: 11/13 levels left

rFire   . . .      SeeInvis .    a - +2 dagger (venom)
rCold   . . .      Faith    .    (no shield)
rNeg    . . .      Spirit   .    v - +2 leather armour {rPois}
rPois   +          Reflect  .    (no helmet)
rElec   .          Harm     .    q - scarf {+Inv}
rCorr   .          Rampage  .    m - +0 pair of gloves
Will    .....                    (no boots)
Stlth   ++++                     l - amulet of regeneration
HPRegen 1.05/turn                f - +6 ring of dexterity
MPRegen 0.13/turn                (no ring)

@: heavily drained
A: small, no large weapons, nightstalker 3
a: Renounce Religion, Evoke Invisibility


You were on level 5 of the Dungeon.
You worshipped Okawaru.
Okawaru was noncommittal.
You visited 1 branch of the dungeon, and saw 5 of its levels.

You collected 346 gold pieces.
You spent 224 gold pieces at shops.

Inventory:

Hand Weapons
 a - a +2 dagger of venom (weapon)
 b - a +2 dagger of draining
Missiles
 D - a throwing net (quivered)
Armour
 m - a +0 pair of gloves (worn)
 q - a scarf of invisibility (worn)
 v - a +2 leather armour of poison resistance (worn)
 x - a +0 kite shield
 y - a +0 robe
Jewellery
 f - a +6 ring of dexterity (left hand)
 l - an amulet of regeneration (around neck)
 t - a ring of ice
Wands
 o - a wand of digging (9)
Scrolls
 d - a scroll of teleportation {unknown}
 g - a scroll of fear
 i - a scroll of amnesia
 j - a scroll of immolation {unknown}
 p - a scroll of noise {unknown}
 r - a scroll of silence {unknown}
 s - a scroll of poison
 u - a scroll of magic mapping
 A - 2 scrolls of fog
Potions
 c - a potion of invisibility
 e - a potion of cancellation {unknown}
 h - a potion of curing {unknown}
 k - 3 potions of lignification
 n - 2 potions of brilliance
 w - a potion of heal wounds {unknown}
 z - a potion of degeneration {unknown}
 B - a potion of magic {unknown}
 C - a potion of berserk rage {unknown}


   Skills:
 + Level 2.8 Fighting
 + Level 3.8 Short Blades
 + Level 1.1 Armour
 + Level 4.2 Dodging
 + Level 5.8 Stealth
 + Level 3.6 Spellcasting
 + Level 4.2 Hexes
 + Level 1.5 Evocations


You had 11 spell levels left.
You knew the following spells:

 Your Spells              Type           Power      Damage    Failure   Level
a - Ensorcelled Hibernat  Hex/Ice        18%        N/A       16%         2

Your spell library contained the following spells:

 Spells                   Type           Power      Damage    Failure   Level
 Confusing Touch          Hex            16%        N/A       13%         3
 Dazzling Flash           Conj/Hex       18%        N/A       30%         3
 Conjure Ball Lightning   Conj/Air       1%         3x3d6     100%        6
 Discord                  Hex            8%         N/A       100%        8
 Disjunction              Tloc           1%         N/A       100%        8
 Tukima's Dance           Hex            Unusable   N/A       N/A         3

Dungeon Overview and Level Annotations

Branches:
Dungeon (5/15)
 Temple: D:4-7

Altars:
Fedhas
Kikubaaqudgha
Okawaru
Vehumet

Shops:
D:2 [   D:3 (


Innate Abilities, Weirdness & Mutations

You are small and have problems with some larger weapons.
You are completely attuned to the shadows.


Message History

The orc priest shouts! x2; The orc wizard shouts!
The orc priest moves out of view.
You miss the orc wizard. The orc wizard barely misses you.
You completely miss the orc priest.
The orc wizard casts a spell.
The orc wizard flickers and vanishes!
Deactivating autopickup; reactivate with Ctrl-A.
The orc priest barely misses you.
You hit the orc priest.
The orc priest is poisoned.
The orc priest is moderately wounded.
You barely miss the orc priest.
The orc priest is moderately wounded.
Something closely misses you. The orc priest misses you.
The orc priest mumbles some strange prayers to Beogh against you.
Beogh smites you!
You hit the orc priest.
The orc priest looks as sick as possible!
The orc priest is heavily wounded.
The orc priest barely misses you. Something hits you.
You hit the orc priest but do no damage.
The orc priest looks as sick as possible!
The orc priest is severely wounded.
Something hits you but does no damage.
The orc priest invokes the aid of Beogh against you.
Something writhes in agony!
The orc priest invokes the aid of Beogh against you.
Pain shoots through your body!
You barely miss the orc priest.
The orc priest is severely wounded.
Something hits you but does no damage. The orc priest hits you with a +0 club.
You hit the orc priest.
You kill the orc priest!
Okawaru accepts your kill.
You hear some strange, mumbled words.
A magic dart appears from out of thin air!
The magic dart hits you.
* * * LOW HITPOINT WARNING * * *
The orc priest invokes the aid of Beogh against you.
Beogh smites you!
You die...

#.............# #.
#.....#######.# #.#
##.### #.#
..###.#########.##
#.##.##........<#
#............#..#
###.##.#######.#..#
...###########.#..#
#.#............#@.#
#.#.############{)#
#.#.# #oo# #.#.#
.... #.# .....


You could see an orc priest and an orc.

Vanquished Creatures
  A scorpion (D:4)
  A gnoll sergeant (D:4)
  A hound (D:4)
  4 orc priests
  An iguana (D:4)
  3 orc wizards (D:3)
  8 gnolls (D:4)
  2 adders
  A shadow imp (D:5)
  An ufetubus (D:5)
  3 dart slugs
  31 orcs
  4 ball pythons
  2 endoplasms
  3 giant cockroaches
  5 goblins
  4 hobgoblins
  7 jackals
  6 kobolds
  2 quokkas
  A bat (D:1)
  A frilled lizard (D:1)
  8 rats
100 creatures vanquished.

Vanquished Creatures (others)
  A bat (D:3)
  16 plants (D:4)
17 creatures vanquished.

Grand Total: 117 creatures vanquished

Notes
Turn   | Place    | Note
-------+----------+-------------------------------------------
     0 | D:1      | Geeful the Kobold Enchanter began the quest for the Orb.
     0 | D:1      | Reached XP level 1. HP: 10/10 MP: 3/3
   246 | D:1      | Reached XP level 2. HP: 14/16 MP: 5/5
   431 | D:1      | Learned a level 2 spell: Ensorcelled Hibernation
   905 | D:2      | Found Moframe's Armour Boutique.
  1001 | D:2      | Reached XP level 3. HP: 20/20 MP: 6/6
  1116 | D:2      | Found a faded altar of an unknown god.
  1192 | D:2      | Reached skill level 1 in Fighting
  1491 | D:3      | Found a blossoming altar of Fedhas.
  1498 | D:3      | Reached XP level 4. HP: 25/25 MP: 7/7
  1569 | D:3      | Reached XP level 5. HP: 29/29 MP: 9/9
  1820 | D:3      | Reached skill level 5 in Stealth
  1859 | D:3      | Reached XP level 6. HP: 25/35 MP: 10/10
  2254 | D:2      | Bought a +2 leather armour of poison resistance for 224
                  | gold pieces
  2383 | D:3      | Found Cuabury's Antique Weapon Shop.
  2658 | D:4      | Reached XP level 7. HP: 40/40 MP: 12/12
  2804 | D:4      | Found a radiant altar of Vehumet.
  2836 | D:4      | Reached skill level 1 in Evocations
  2896 | D:4      | Reached skill level 1 in Armour
  3051 | D:4      | Found an iron altar of Okawaru.
  3058 | D:4      | Found an ancient bone altar of Kikubaaqudgha.
  3067 | D:4      | Became a worshipper of Warmaster Okawaru
  3614 | D:5      | Entered Level 5 of the Dungeon
  3699 | D:5      | Killed from afar by an orc priest

Illustrated notes

Levels and vault maps discovered:
D:1:      lemuel_arrival_cross, layout_basic
D:2:      layout_rooms, hellmonk_ecumenical_altar_crossroads, serial_shops,
          nicolae_shop_waterfront, nicolae_titane
D:3:      layout_loops_ring, mainiacjoe_overflow_small_starburst, serial_shops,
          shop_fountains, grunt_ministairs_14, minmay_bisected
D:4:      layout_loops_corners, general_overflow_altar,
          amethyst_overflow_temple_binary, nicolae_grassy_gnolls
D:5:      layout_loops_ring, minmay_misc_feat_square, amcnicky_mini_pool_medium

Skill      XL: |  1  2  3  4  5  6  7 |
---------------+----------------------+-----
Short Blades   | 2 3 |  3.8
Fighting       | 1 2 |  2.8
Dodging        | 3 4 |  4.2
Stealth        | 5 |  5.8
Spellcasting   | 3 |  3.6
Hexes          | 4 |  4.2
Evocations     | 1 |  1.5
Armour         | 1 |  1.1

Action                   |  1- 3 |  4- 6 |  7- 9 || total
-------------------------+-------+-------+-------++-------
Melee: Dagger            |    45 |   120 |    99 ||   264
       Punch             |       |     1 |     3 ||     4
  Use: Scroll            |     2 |     5 |     1 ||     8
       Potion            |       |     1 |       ||     1
 Stab: Sleeping          |    17 |     7 |     5 ||    29
       Invisible         |       |     2 |       ||     2
       Distracted        |       |       |     1 ||     1
Armor: Robe              |     8 |    14 |       ||    22
       Leather armour    |       |     2 |    11 ||    13
Dodge: Dodged            |    16 |    92 |    51 ||   159

Table legend: (Time is in decaauts)
 A = Elapsed time spent in this place.
 B = Non-inter-level travel time spent in this place.
 C = Inter-level travel time spent in this place.
 D = Time resting spent in this place.
 E = Time spent auto-exploring this place.
 F = Levels seen in this place.
 G = Mean time per level.
                   A        B        C        D        E       F      G
               +--------+--------+--------+--------+--------+-----+--------+
         Total |   3660 |   3468 |    192 |     39 |   2786 |   5 |  732.0 |
       Dungeon |   3660 |   3468 |    192 |     39 |   2786 |   5 |  732.0 |
               +--------+--------+--------+--------+--------+-----+--------+

Top non-repeatable levels by time:
     D:3: 1038 daAuts
     D:4: 1020 daAuts
     D:1: 902 daAuts
     D:2: 617 daAuts
     D:5: 82 daAuts
